 Dungeon Crawl Stone Soup version 0.20-a0-51-g027d3fc (webtiles) character file.

4560 KristoblXynda the Thaumaturge (level 10, -4/74 HPs)
             Began as a Grey Draconian Air Elementalist on Nov 15, 2016.
             Was a Believer of Vehumet.
             Slain by an orc warrior
             ... wielding a +0 mace
              (17 damage)
             ... on level 8 of the Dungeon.
             The game lasted 00:24:35 (8840 turns).

KristoblXynda the Thaumaturge (DrAE)                Turns: 8840, Time: 00:24:36

Health: -4/74      AC: 18    Str: 13    XL:     10   Next: 18%
Magic:  19/22      EV: 13    Int: 19    God:    Vehumet [**....]
Gold:   601        SH:  0    Dex: 11    Spells: 3 memorised, 18 levels left

rFire  . . .     SeeInvis .     d - +2 quarterstaff (chaos)
rCold  . . .     Gourm    .     (armour unavailable)
rNeg   . . .     Faith    .     (shield currently unavailable)
rPois  .         Spirit   .     (helmet restricted)
rElec  .         Reflect  .     j - +2 cloak {+Inv}
rCorr  .         Harm     .     l - +0 pair of gloves
MR     .....                    v - +1 pair of boots
Stlth  +++.......               s - amulet of magic regeneration
                                x - +2 ring of strength
                                h - ring of stealth

@: no status effects
A: walk through water, unfitting armour, unbreathing, cold-blooded, AC +12
a: Renounce Religion, Evoke Invisibility


You were on level 8 of the Dungeon.
You worshipped Vehumet.
Vehumet was pleased with you.
You were hungry.

You visited 2 branches of the dungeon, and saw 9 of its levels.
You also visited: Sewer and Ossuary.

You collected 601 gold pieces.

Inventory:

Hand Weapons
 d - a +2 quarterstaff of chaos (weapon)
 D - a +2 morningstar of holy wrath
Missiles
 g - 7 poisoned javelins (quivered)
Armour
 j - a +2 cloak of invisibility (worn)
 l - a +0 pair of gloves (worn)
 v - a +1 pair of boots (worn)
Jewellery
 h - a ring of stealth (left hand)
 s - an amulet of magic regeneration (around neck)
 x - a +2 ring of strength (right hand)
Scrolls
 e - 3 scrolls of remove curse
 u - a scroll of fear
 y - a scroll of immolation
 C - a scroll of noise {unknown}
 E - a scroll of fog {unknown}
 G - a scroll of silence {unknown}
Potions
 c - 4 potions of resistance
 f - a potion of haste
 i - 4 potions of invisibility
 m - 3 potions of flight
 n - a potion of berserk rage
 o - 3 potions of brilliance
 p - a potion of lignification
 q - a potion of curing
 t - 3 potions of cure mutation
 w - a potion of cancellation
 z - a potion of ambrosia {unknown}
Books
 a - a book of Air

   Spells                             Type                      Level
   a - Shock                          Conjuration/Air              1
   b - Swiftness                      Charms/Air                   2
   c - Repel Missiles                 Charms/Air                   2
   d - Static Discharge               Conjuration/Air              3
   e - Lightning Bolt                 Conjuration/Air              5
 r - a book of Misfortune

   Spells                             Type                      Level
   a - Confusing Touch                Hexes                        1
   b - Confuse                        Hexes                        3
   c - Gell's Gravitas                Hexes/Translocation          3
   d - Petrify                        Transmutation/Earth          4
   e - Metabolic Englaciation         Hexes/Ice                    5
   f - Yara's Violent Unravelling     Hexes/Transmutation          5
Comestibles
 b - 8 bread rations
 A - 2 beef jerkies
 B - 8 slices of pizza


   Skills:
 + Level 2.6 Fighting
 - Level 5.3 Staves
 - Level 3.5 Dodging
 - Level 1.7 Stealth
 + Level 8.1 Spellcasting
 - Level 6.1 Conjurations
 + Level 2.1 Transmutations
 - Level 4.2 Air Magic
 - Level 6.0 Earth Magic
 - Level 3.1 Evocations


You had 18 spell levels left.
You knew the following spells:

 Your Spells              Type           Power        Failure   Level  Hunger
a - Shock                 Conj/Air       ####         1%          1    None
b - Repel Missiles        Chrm/Air       ###...       8%          2    None
c - Petrify               Tmut/Erth      ###.....     17%         4    ###....


Dungeon Overview and Level Annotations

Branches:
Dungeon (8/15)             Temple (1/1) D:6
   Lair: D:8-11

Altars:
Dithmenos
Fedhas
Gozag
Hepliaklqana
Kikubaaqudgha
Makhleb
Nemelex Xobeh
Okawaru
Qazlal
Sif Muna
Trog
Uskayaw
Vehumet
Xom
Yredelemnul
Zin
The Shining One

Shops:
D:4 ?


Innate Abilities, Weirdness & Mutations

You can walk through water.
Your dull iron-grey scales are very hard. (AC +12)
You cannot fit into any form of body armour.
You can survive without breathing.
You are cold-blooded and may be slowed by cold attacks.


Message History

Okay, then.
You aren't carrying any items that you can evoke.
Unknown command.
Okay, then.
Casting: Shock
Confirm with . or Enter, or press ? or * to list all spells.
Aiming: Shock
Press: ? - help, Shift-Dir - straight line, f/p - orc warrior
Aim: an orc warrior, wielding a mace and wearing a plate armour (severely wounded, poisoned)
The zap hits the orc warrior.
The orc warrior is almost dead.
The orc warrior barely misses you.
Unknown command.
Casting: Shock
Confirm with . or Enter, or press ? or * to list all spells.
Aiming: Shock
Press: ? - help, Shift-Dir - straight line, f/p - orc warrior
Aim: an orc warrior, wielding a mace and wearing a plate armour (almost dead, poisoned)
The zap misses the orc warrior.
The orc warrior hits you with a mace!
You die...

###########
#.........#
#.@o).....#
########..#
### #..#
###.. #).###
#...#
#o)[.####...
#..#..#####.
#.)##.......
#..#########
..[# #


You could see an orc warrior.

Vanquished Creatures
  A cyclops (D:6)
  Psyche (D:8)
  2 hippogriffs
  Sigmund (D:4)
  2 yaks (D:7)
  A human (D:7)
  2 hogs (D:7)
  An orc warrior (D:8)
  2 ice beasts (D:7)
  Purgy (Sewer)
  3 ogres
  2 centaurs
  A big kobold (D:7)
  4 bullfrogs
  2 water moccasin skeletons
  3 scorpions
  5 crimson imps
  A bullfrog zombie (D:5)
  3 hounds
  2 jellies
  3 orc priests
  Crazy Yiuf (D:4)
  A centaur skeleton (D:5)
  2 iguanas
  Natasha (twice) (D:4)
  7 worker ants
  3 orc wizards
  A big kobold zombie (Ossuary)
  3 hound skeletons
  8 mummies (Ossuary)
  Robin (D:4)
  4 gnolls (D:3)
  8 adders
  4 oozes
  2 adder skeletons
  4 worms
  4 dart slugs
  10 leopard geckos
  32 orcs
  2 ball pythons
  A bat zombie (D:4)
  6 giant cockroaches
  2 gnoll zombies (Ossuary)
  7 goblins
  8 hobgoblins
  11 jackals
  14 kobolds
  6 quokkas
  7 bats
  3 frilled lizards
  2 hobgoblin zombies (Ossuary)
  A kobold zombie (Ossuary)
  A leopard gecko skeleton (D:4)
  A leopard gecko zombie (D:5)
  2 orc zombies (Ossuary)
  3 rats
  2 rat zombies (D:4)
219 creatures vanquished.

Notes
Turn   | Place    | Note
-------+----------+-------------------------------------------
     0 | D:1      | KristoblXynda the Draconian Air Elementalist began the quest for the Orb.
     0 | D:1      | Reached XP level 1. HP: 14/14 MP: 3/3
   387 | D:1      | Reached XP level 2. HP: 9/20 MP: 0/5
  1082 | D:1      | Reached XP level 3. HP: 26/26 MP: 1/6
  2015 | D:2      | Found a blossoming altar of Fedhas.
  2266 | D:2      | Reached XP level 4. HP: 31/33 MP: 8/8
  2457 | D:3      | Found a bloodstained altar of Trog.
  2677 | D:3      | Reached skill level 3 in Spellcasting
  2679 | D:3      | Reached XP level 5. HP: 27/38 MP: 4/9
  2764 | D:3      | Found a stormy altar of Qazlal.
  3069 | D:3      | Found a glowing silver altar of Zin.
  3194 | D:4      | Noticed Natasha
  3204 | D:4      | Killed Natasha
  3316 | D:4      | Noticed Sigmund
  3423 | D:4      | Noticed an ogre
  3452 | D:4      | Killed an ogre
  3452 | D:4      | Reached XP level 6. HP: 27/45 MP: 3/11
  3637 | D:4      | Learned a level 2 spell: Repel Missiles
  3655 | D:4      | Found a runed door.
  3659 | D:4      | Noticed Crazy Yiuf
  3665 | D:4      | Killed Crazy Yiuf
  3696 | D:4      | Found a sparkling altar of Nemelex Xobeh.
  3715 | D:4      | Found Vuiz's Magic Scroll Boutique.
  3822 | D:4      | Found an ancient bone altar of Kikubaaqudgha.
  3881 | D:4      | Noticed Natasha
  3938 | D:4      | Killed Natasha
  3978 | D:4      | Reached skill level 4 in Spellcasting
  3978 | D:4      | Your scales start taking on a dull iron-grey colour.
  3978 | D:4      | Reached XP level 7. HP: 5/50 MP: 9/13
  3978 | D:4      | Gained mutation: You can survive without breathing. [Grey Draconian growth]
  4415 | D:4      | Noticed Robin
  4424 | D:4      | Killed Robin
  4489 | D:4      | Killed Sigmund
  4739 | D:5      | Entered Level 5 of the Dungeon
  4808 | D:5      | Found a sand-covered staircase.
  4813 | Ossuary  | Entered an ossuary
  5440 | D:5      | Reached skill level 1 in Evocations
  5490 | D:5      | Got a slimy rapier
  5494 | D:5      | Identified the +4 rapier "Pakkueme" {pierce, *Corrode +Blink Int-5 Stlth+} (You found it on level 5 of the Dungeon)
  5559 | D:5      | Reached skill level 5 in Spellcasting
  5565 | D:5      | Reached XP level 8. HP: 57/57 MP: 8/15
  5682 | D:5      | Reached skill level 5 in Conjurations
  6165 | D:6      | Found a glowing drain.
  6179 | Sewer    | Entered a sewer
  6213 | Sewer    | Noticed Purgy
  6230 | Sewer    | Killed Purgy
  6374 | D:6      | Found a staircase to the Ecumenical Temple.
  6421 | Temple   | Entered the Ecumenical Temple
  6442 | Temple   | Became a worshipper of Vehumet
  6507 | D:6      | Reached skill level 1 in Staves
  6557 | D:6      | Noticed a cyclops
  6962 | D:6      | Reached skill level 6 in Spellcasting
  6976 | D:6      | Learned a level 4 spell: Petrify
  7036 | D:6      | Reached skill level 1 in Earth Magic
  7065 | D:6      | Found an opulent altar of Gozag.
  7172 | D:6      | Killed a cyclops
  7172 | D:6      | Reached XP level 9. HP: 54/62 MP: 10/18
  7461 | D:7      | Reached * piety under Vehumet
  7461 | D:7      | Offered knowledge of Freeze by Vehumet.
  7651 | D:7      | Reached skill level 7 in Spellcasting
  7664 | D:7      | Reached skill level 5 in Earth Magic
  7917 | D:7      | Reached skill level 5 in Staves
  8401 | D:7      | Offered knowledge of Sting by Vehumet.
  8519 | D:7      | Reached skill level 1 in Fighting
  8519 | D:7      | Reached XP level 10. HP: 50/71 MP: 16/21
  8633 | D:8      | Noticed Psyche
  8644 | D:8      | Killed Psyche
  8644 | D:8      | Reached skill level 1 in Transmutations
  8761 | D:8      | Reached ** piety under Vehumet
  8765 | D:8      | Reached skill level 8 in Spellcasting
  8840 | D:8      | Slain by an orc warrior

Vault maps used:
D:1:      dpeg_arrival_signposts
D:2:      nicolae_overflow_crystal_walls, first_bread
D:3:      old_standard_altar, grunt_qazlal_sundering, zin_treasury
D:4:      lemuel_zombie_altar_kikubaaqudgha, nemelex_xobeh_ov_fountains_minmay,
          serial_shops, kennysheep_mini, grunt_tough_drop, uniq_robin,
          uniq_natasha, uniq_sigmund, uniq_crazy_yiuf_cottage
D:5:      enter_ossuary_2
D:6:      gup_sewer_entry_pipe, nicolae_gozag_cash_rules_everything_around_me
D:7:      grunt_livestock, kennysheep_windowed_goal
D:8:      lemuel_coloured_pillars_altar, basic_altar, special_room,
          serial_shops, shop, st_stairs_8, uniq_psyche
Temple:   minmay_temple_bridge_abc
Sewer:    kennysheep_door_sewer
Ossuary:  ossuary_tomb_3

Skill      XL: |  1  2  3  4  5  6  7  8  9 10 |
---------------+-------------------------------+-----
Dodging        | 2 3 |  3.5
Conjurations   | 2 3 4 6 |  6.1
Spellcasting   | 3 4 5 6 7 8 |  8.1
Air Magic      | 4 3 4 |  4.2
Evocations     | 1 3 |  3.1
Staves         | 3 5 |  5.3
Earth Magic    | 2 6 |  6.0
Fighting       | 1 2 |  2.6
Transmutations | 2 |  2.1
Stealth        | |  1.7

Action                   |  1- 3 |  4- 6 |  7- 9 | 10-12 || total
-------------------------+-------+-------+-------+-------++-------
Melee: Unarmed           |    47 |       |       |       ||    47
       Spear             |    31 |    14 |       |       ||    45
       Tailslap          |     4 |     3 |    22 |     2 ||    31
       Dagger            |       |    41 |    31 |       ||    72
       Quarterstaff      |       |    18 |   207 |    38 ||   263
 Cast: Shock             |    53 |    98 |   232 |    49 ||   432
       Repel Missiles    |       |       |     1 |       ||     1
       Petrify           |       |       |       |     3 ||     3
  Use: Scroll            |       |    13 |    13 |     1 ||    27
       Potion            |       |     3 |     1 |     3 ||     7
 Stab: Sleeping          |     6 |       |     9 |       ||    15
       Petrified         |       |       |     8 |    11 ||    19
       Paralysed         |       |       |     2 |       ||     2
       Petrifying        |       |       |       |     1 ||     1
  Eat: Beef jerky        |     1 |     1 |       |       ||     2
       Chunk             |     3 |     2 |     5 |     1 ||    11
       Pizza             |       |     1 |       |       ||     1
       Meat ration       |       |     1 |     1 |       ||     2
Armor: Skin              |    34 |    27 |   136 |    49 ||   246
Dodge: Dodged            |    70 |    85 |   201 |    20 ||   376
       Deflected         |       |       |     2 |       ||     2
